AoeStats
← AvaCz

Arabia

510140493Analyzed
2v2 RM · 3d ago on Sep 29, 2026· 47m 9s· 4 players
Game mode
Random Map
Map size
Medium (4 player)
Population
200
Speed
Normal
Resources
Standard
Victory
Conquest
Starting age
Dark Age
Ending age
Imperial Age
RankedLock teamsTeams togetherTeam positionsShared explorationLock speedFull tech treeHidden civsTurbo modeCheats
Victory
Defeat
755
+14
🇮🇪 Danes · Ireland
725
+16
🇪🇸 Burgundians · Spain
816
-19
🇪🇸 Britons · Spain
621
-11
ramon_beas21
0:29 Loom
12:04 Feudal Age
16:37 Man-at-Arms
26:33 Castle Age
27:54 Crossbowman
29:24 Horse Collar
33:52 Long Swordsman
36:52 Padded Archer Armor
36:43 Fletching
39:35 Yeomen
44:37 Leather Archer Armor
sebamontoro
0:28 Loom
11:57 Feudal Age
11:58 Double-Bit Axe
21:52 Castle Age
21:47 Forging
21:37 Town Watch
23:02 Husbandry
24:20 Scale Barding Armor
27:04 Iron Casting
25:51 Cavalier
32:01 Chain Barding Armor
AvaCz
1:44 Loom
10:37 Feudal Age
11:55 Wheelbarrow
11:35 Double-Bit Axe
13:47 Horse Collar
20:56 Castle Age
19:35 Forging
19:25 Scale Mail Armor
20:01 Stone Mining
20:03 Gold Mining
21:54 Hand Cart
22:02 Bow Saw
23:26 Stone Shaft Mining
23:02 Heavy Plow
26:37 Iron Casting
26:26 Chain Mail Armor
31:16 Ballistics
31:36 Fletching
32:35 Careening
32:24 Murder Holes
32:10 Hamask
34:54 Bodkin Arrow
39:37 Imperial Age
39:41 Elite Jomsviking
41:36 Blast Furnace
41:06 Plate Mail Armor
40:58 Town Watch
41:58 Plate Mail Armor
41:46 Siege Engineers
42:44 Chemistry
41:50 Siege Engineers
42:22 Conscription
44:19 Town Patrol
andresfelipegarciamacias2001
4:24 Loom
12:04 Feudal Age
15:22 Double-Bit Axe
15:13 Man-at-Arms
20:01 Fletching
20:30 Town Watch
20:47 Horse Collar
22:14 Arson
22:42 Forging
22:33 Scale Mail Armor
26:06 Castle Age
24:29 Padded Archer Armor
24:41 Gold Mining
24:42 Stone Mining
28:43 Iron Casting
28:47 Squires
28:31 Pikeman
29:16 Crossbowman
30:09 Bow Saw
31:45 Gold Shaft Mining
32:15 Long Swordsman
33:22 Heavy Plow
35:57 Ballistics
38:27 Town Patrol
42:10 Imperial Age
41:54 Bodkin Arrow
42:15 Leather Archer Armor
42:16 Chain Mail Armor
44:11 Two-Man Saw
43:13 Bracer
44:14 Blast Furnace
42:56 Arbalester
43:40 Capped Ram
44:31 Bogsveigar
45:43 Chemistry
46:14 Two-Handed Swordsman
Connection lost

Rejoining the realm…

Still unreachable

The connection could not be restored.

Session expired

The server has moved on; the page needs a fresh start.